 Dungeon Crawl Stone Soup version 0.22.1-2-g9c5b331383 (webtiles) character file.

184 Marnok the Covert (level 5, -4/38 HPs)
             Began as a Vampire Assassin on Nov 23, 2018.
             Was an Initiate of Ru.
             Shot with an arrow by a centaur (8 damage)
             ... on level 5 of the Dungeon.
             The game lasted 00:16:47 (2272 turns).

Marnok the Covert (Vampire Assassin)                Turns: 2272, Time: 00:16:48

Health: -4/38      AC: 10    Str: 10    XL:     5   Next: 36%
Magic:  5/5        EV: 16    Int: 13    God:    Ru [......]
Gold:   131        SH:  0    Dex: 22    Spells: 4/4 levels left

rFire    . . .     SeeInvis +   a - +3 dagger
rCold    . . .     Gourm    .   (no shield)
rNeg     . . .     Faith    .   q - +1 swamp dragon scales
rPois    +         Spirit   .   j - +0 helmet
rElec    .         Reflect  .   d - +0 cloak
rCorr    .         Harm     .   (no gloves)
MR       .....                  (no boots)
Stlth    +++++.....             (no amulet)
HPRegen  0.32/turn              (no ring)
MPRegen  0.09/turn              (no ring)

@: agile, lethally poisoned (-4 -> -5), very slightly contaminated, regenerating
quickly, invisible
A: fangs 3, see invisible, unbreathing
a: Renounce Religion


You were on level 5 of the Dungeon.
You worshipped Ru.
Ru was noncommittal.
You were very full.

You visited 1 branch of the dungeon, and saw 5 of its levels.

You collected 131 gold pieces.

Inventory:

Hand Weapons
 a - a +3 dagger (weapon)
 b - a +0 blowgun
Missiles
 e - 8 poisoned needles
 f - 2 curare-tipped needles
 h - 5 needles of confusion
 p - 7 javelins (quivered)
Armour
 c - a +0 robe
 d - a +0 cloak (worn)
 j - a +0 helmet (worn)
 l - a +0 robe
 q - +1 swamp dragon scales (worn)
 v - a +0 shield
 w - a cursed +0 helmet
Jewellery
 x - a cursed ring of attention {unknown}
Scrolls
 i - 2 scrolls of identify
 m - 3 scrolls of teleportation
 o - a scroll of enchant weapon
 t - a scroll of remove curse
 u - a scroll of noise
Potions
 g - a potion of blood
 s - a potion of resistance {unknown}


   Skills:
 + Level 2.1 Fighting
 + Level 3.8 Short Blades
 + Level 1.7 Throwing
 + Level 0.6 Armour
 + Level 1.5 Dodging
 + Level 8.4 Stealth


You had 4 spell levels left.
You didn't know any spells.
Your spell library was empty.

Dungeon Overview and Level Annotations

Branches:
Dungeon (5/15)
 Temple: D:4-7

Altars:
Gozag
Nemelex Xobeh
Ru


Innate Abilities, Weirdness & Mutations

Your natural rate of healing is unusually fast.
You have razor-sharp teeth.
You have supernaturally acute eyesight. (SInv)
You can survive without breathing.


Message History

* * * LOW HITPOINT WARNING * * *
The orc hits you but does no damage.
It was a potion of agility.
You feel agile all of a sudden.
You feel sick. The centaur hits you.
* * * LOW HITPOINT WARNING * * *
The worker ant completely misses you. The orc barely misses you.
The centaur hits you.
* * * LOW HITPOINT WARNING * * *
It was a potion of invisibility.
You fade into invisibility!
The worker ant misses you. The centaur misses you. The orc closely misses you.
The worker ant misses you.
A giant cockroach comes into view.
You feel sick.
The centaur wields a shortbow.
The centaur shoots an arrow.
The arrow hits the worker ant!
You feel sick.
The centaur shoots an arrow.
The arrow hits the orc!
The orc dies!
The centaur shoots an arrow.
The arrow hits you!
You die...

#..####.# .
#.......# ..
........# #.
.#.......# ..
#.#####.#
.###.###.# #.#
...s...a.# #.#
..##..c.(#####.#
#####...@...#
##(..##.#
#.....###
#.......#
#.......#
#.......#
........##
##.......
#.......#


You could see a centaur.

Vanquished Creatures
  A howler monkey (D:5)
  A centaur skeleton (D:5)
  An iguana (D:4)
  3 adders (D:2)
  An adder skeleton (D:4)
  2 worms
  3 dart slugs
  3 leopard geckos (D:2)
  8 bats
  3 giant cockroaches
  5 hobgoblins
  3 jackals (D:3)
  4 kobolds (D:3)
  3 quokkas
  3 frilled lizards
  4 goblins
  8 rats
56 creatures vanquished.

Vanquished Creatures (others)
  An orc (D:5)
1 creature vanquished.

Grand Total: 57 creatures vanquished

Notes
Turn   | Place    | Note
-------+----------+-------------------------------------------
     0 | D:1      | Marnok the Vampire Assassin began the quest for the Orb.
     0 | D:1      | Reached XP level 1. HP: 16/16 MP: 1/1
    76 | D:1      | Reached skill level 6 in Stealth
   443 | D:1      | Reached XP level 2. HP: 22/22 MP: 2/2
   688 | D:2      | Reached skill level 7 in Stealth
   809 | D:2      | Found a sparkling altar of Nemelex Xobeh.
   853 | D:2      | Reached XP level 3. HP: 27/27 MP: 3/3
  1030 | D:2      | Found a faded altar of an unknown god.
  1536 | D:2      | Reached XP level 4. HP: 33/33 MP: 4/4
  1538 | D:2      | Found an opulent altar of Gozag.
  1826 | D:4      | Reached skill level 8 in Stealth
  1875 | D:3      | Found a sacrificial altar of Ru.
  1895 | D:3      | Became a worshipper of Ru the Awakened
  2211 | D:5      | Entered Level 5 of the Dungeon
  2227 | D:5      | Reached XP level 5. HP: 34/38 MP: 5/5
  2259 | D:5      | Noticed a centaur
  2272 | D:5      | Shot with an arrow by a centaur

Skill      XL: |  1  2  3  4 |
---------------+-------------+-----
Stealth        | 6 7 8 |  8.4
Short Blades   | 3 |  3.8
Fighting       | 2 |  2.1
Throwing       | |  1.7
Armour         | |  0.6
Dodging        | |  1.5

Action                   |  1- 3 |  4- 6 || total
-------------------------+-------+-------++-------
Melee: Dagger            |    93 |    79 ||   172
       Bite              |     6 |    12 ||    18
  Use: Scroll            |       |     6 ||     6
       Potion            |       |     2 ||     2
 Stab: Sleeping          |    13 |     5 ||    18
       Distracted        |       |     1 ||     1
       Paralysed         |       |     1 ||     1
  Eat: Corpse            |    11 |     4 ||    15
Armor: Robe              |     3 |       ||     3
       Swamp dragon scal |    27 |    36 ||    63
Dodge: Dodged            |    48 |    49 ||    97
